 Dungeon Crawl Stone Soup version 0.19-a0-1922-g1e9a4c1 (webtiles) character file.

358249 varam the Wrestler (level 21, 0/192 HPs)
             Began as a Troll Monk on Oct 24, 2016.
             Was the Champion of Okawaru.
             Slain by a shadow dragon (6 damage)
             ... on level 5 of the Vaults.
             The game lasted 03:16:23 (46126 turns).

varam the Wrestler (Troll Monk)                    Turns: 46126, Time: 03:16:24

Health: 0/192      AC: 29    Str: 27    XL:     21   Next: 43%
Magic:  13/26      EV: 18    Int:  3    God:    Okawaru [******]
Gold:   2358       SH: 20    Dex: 23    Spells: 3 memorised, 15 levels left

rFire  + + .     SeeInvis +       - Unarmed
rCold  + + .     Gourm    +     p - +2 fire dragon scales
rNeg   + . .     Faith    .     I - +3 shield of Springtime {+Fly rC+++ Str-5 Dex+5}
rPois  +         Spirit   .     Q - +2 hat
rElec  +         Reflect  .     T - +2 ratskin cloak {rPois rN+ Int-1 Dex-1}
rCorr  .         Harm     .     (gloves unavailable)
MR     +....                    (boots unavailable)
Stlth  ++........               E - amulet of Gumpitsi {*Contam rElec Regen+ Dex+2}
                                a - +5 ring of protection
                                r - ring of see invisible

@: mighty, about to teleport, heroism, marked
A: unfitting armour, claws 3, dopey 1, fast metabolism 3, gourmand, high mp 1,
regeneration 1, shaggy fur 1, tough skin 2, evolution 1
a: Heroism, Finesse, Renounce Religion, Evoke Flight
}: 2/15 runes: decaying, serpentine


You were on level 5 of the Vaults.
You worshipped Okawaru.
Okawaru was exalted by your worship.
You were full.

You visited 8 branches of the dungeon, and saw 38 of its levels.
You also visited: Sewer.

You collected 4109 gold pieces.
You spent 1751 gold pieces at shops.

Inventory:

Hand Weapons
 M - a +4 trishula of holy wrath
 R - a +0 blowgun
Missiles
 c - 59 large rocks
 d - a silver tomahawk
 h - 2 steel tomahawks
 O - 17 javelins of penetration
 W - 3 javelins (quivered)
Armour
 o - quicksilver dragon scales
 p - +2 fire dragon scales (worn)
 x - a +1 robe of fire resistance
 G - +0 shadow dragon scales
 I - the +3 shield of Springtime (worn) {+Fly rC+++ Str-5 Dex+5}
   (Okawaru gifted it to you on level 4 of the Snake Pit)

   It affects your strength (-5).
   It affects your dexterity (+5).
   It renders you almost immune to cold.
   It lets you fly.
 K - +0 ice dragon scales
 Q - a +2 hat (worn)
 T - the +2 ratskin cloak (worn) {rPois rN+ Int-1 Dex-1}
   (Okawaru gifted it to you on level 15 of the Dungeon)

   It affects your intelligence (-1).
   It affects your dexterity (-1).
   It protects you from poison.
   It protects you from negative energy.
Jewellery
 a - a +5 ring of protection (right claw)
 b - a +3 ring of slaying
 r - a ring of see invisible (left claw)
 v - an uncursed ring of resist corrosion
 y - an uncursed ring of positive energy
 z - an uncursed ring of wizardry
 A - an uncursed ring of protection from magic {unknown}
 C - an uncursed ring of protection from magic {unknown}
 E - the amulet of Gumpitsi (around neck) {*Contam rElec Regen+ Dex+2}
   (You bought it in a shop on level 2 of the Orcish Mines)

   [amulet of regeneration]

   It affects your dexterity (+2).
   It insulates you from electricity.
   It causes magical contamination when unequipped.
   It increases your rate of regeneration.
Wands
 e - a wand of hasting (0/9)
 t - a wand of teleportation (4/9)
 S - a wand of disintegration (12/24)
Scrolls
 j - a scroll of fog
 l - 4 scrolls of identify {@r1}
 m - 15 scrolls of teleportation
 n - 8 scrolls of fear
 u - a scroll of immolation
 F - a scroll of enchant weapon
 N - 9 scrolls of remove curse {@r2}
 Y - 2 scrolls of amnesia
 Z - a scroll of enchant armour
Potions
 i - 4 potions of flight
 k - 5 potions of heal wounds
 w - 18 potions of curing {@q1}
 B - a potion of might
 D - a potion of magic
 J - a potion of resistance
 X - a potion of lignification
Books
 U - a book of Party Tricks

   Spells                             Type                      Level
   a - Summon Butterflies             Summoning                    1
   b - Apportation                    Translocation                1
   c - Lesser Beckoning               Translocation                3
   d - Tukima's Dance                 Hexes                        3
   e - Alistair's Intoxication        Transmutation/Poison         5
   f - Invisibility                   Hexes                        6
Miscellaneous
 s - a phantom mirror
 L - a lamp of fire
 V - a phial of floods
Comestibles
 f - a slice of pizza
 g - 3 bread rations
 q - a beef jerky
 H - 6 meat rations
 P - a fruit


   Skills:
 - Level 8.7(13.7) Fighting
 - Level 5.5(10.5) Throwing
 - Level 11.7(16.7) Armour
 - Level 8.2(13.2) Dodging
 - Level 2.1(7.1) Stealth
 + Level 14.4(19.4) Shields
 + Level 24.4(27) Unarmed Combat
 - Level 2.4 Spellcasting
 - Level 7.0 Translocations
 - Level 5.0 Invocations
 - Level 5.2 Evocations


You had 15 spell levels left.
You knew the following spells:

 Your Spells              Type           Power        Failure   Level  Hunger
a - Lesser Beckoning      Tloc           #.........   17%         3    ####...
b - Teleport Other        Tloc           #.......     17%         3    ####...
c - Portal Projectile     Tloc           #.....       17%         3    ####...


Dungeon Overview and Level Annotations

Branches:
Dungeon (15/15)            Temple (1/1) D:7            Lair (6/6) D:11
  Swamp (4/4) Lair:3        Snake (4/4) Lair:3        Slime (0/5) Lair:5
    Orc (2/2) D:12            Elf (0/3) Orc:2        Vaults (5/5) D:13
  Crypt (0/3) Vaults:3     Depths (1/5) D:15

Altars:
Ashenzari
Dithmenos
Elyvilon
Fedhas
Kikubaaqudgha
Okawaru
Uskayaw
Beogh

Shops:
D:12 [   Orc:1 =   Orc:2 *}*=([*   Snake:2 [   Snake:3 (   Snake:4 ![(
Vaults:1 *   Vaults:3 (

Annotations:
D:2 1 runed door


Innate Abilities, Weirdness & Mutations

You are too large for most types of armour.
You have claws for hands.
Your metabolism is lightning-fast.
You like to eat raw meat.
Your natural rate of healing is unusually fast.
You are covered in fur. (AC +1)
You have very tough skin. (AC +2)
You are dopey. (Int -2)
You have an increased reservoir of magic. (+10% MP)
You evolve.


Message History

The yaktaur captain starts to cry.
You block the ettin's attack. The ettin closely misses you.
As you read the scroll of teleportation, it crumbles to dust.
You feel strangely unstable. The tengu reaver casts a spell at you.
The bolt of poison hits you! You resist.
* * * LOW HITPOINT WARNING * * *
You block the tengu reaver's attack. The ettin hits you but does no damage.
You block the ettin's attack.
The shadow dragon bites you but does no damage.
The shadow dragon claws you but does no damage. x2
A vault warden and a tengu reaver come into view.
You feel much better. You block the deep elf knight's attack.
You block the ettin's attack. The ettin hits you with a dire flail!!
* * * LOW HITPOINT WARNING * * *
The tengu reaver hits you from afar with a glaive!
* * * LOW HITPOINT WARNING * * *
The shadow dragon completely misses you. x2
The shadow dragon claws you.
You die...

. .. ... ....
#######c.#
#...Q(DQ!#
#))([H...#
#.)#######..#.
#Q.p.e@DQ....*
#.c.HQ.C*....S
#....#############Q
#....#.... ....
#....#...
.....#....#..# ###
.....#....#..# ....
.Q...#....#..#.....
...o..............


You could see a shadow dragon, a sphinx (fleeing), a vault warden, 4 tengu
reavers, a yaktaur captain (fleeing), an ettin, a deep elf knight, a guardian
serpent and 2 battlespheres.

Vanquished Creatures
  Mennas (Vaults:4)
  A large abomination (Vaults:2)
  Saint Roka (Orc:2)
  A golden dragon (Vaults:5)
  Rupert (Snake:1)
  A lich (Vaults:2)
  A tentacled monstrosity (Vaults:5)
  2 titans
  An ancient champion (Vaults:3)
  3 thorn hunters
  3 sphinxes
  Kirke (D:15)
  Gastronok (D:8)
  2 storm dragons
  2 shadow dragons (Vaults:5)
  A tengu reaver (Vaults:5)
  10 vault wardens
  5 nagarajas
  4 fire giants
  A frost giant (Vaults:5)
  16 ironheart preservers
  5 stone giants
  3 war gargoyles
  6 very ugly things
  2 deep elf annihilators
  3 entropy weavers
  A deep elf demonologist (Vaults:2)
  Nessos (Lair:4)
  6 dire elephants (Lair:6)
  Azrael (Snake:2)
  8 ettins
  A deep elf death mage (Vaults:2)
  4 fire dragons
  Josephine (D:10)
  Erolcha (Orc:1)
  A great orb of eyes (Vaults:3)
  3 yaktaur captains
  34 vault guards
  A deep elf high priest (Vaults:2)
  3 ice dragons
  20 hydras
  15 naga warriors
  3 rakshasas
  13 anacondas
  2 ghost crabs
  5 centaur warriors
  6 death knights
  9 ogre magi
  7 alligators
  12 death yaks
  2 orc high priests (Orc:2)
  3 deep troll shamans
  A tengu warrior (D:15)
  17 naga sharpshooters
  7 shock serpents
  5 deep troll earth magi
  A vampire mage (Vaults:3)
  A spriggan berserker (Swamp:2)
  Nergalle (Orc:1)
  3 deep elf knights
  Urug (D:12)
  13 spriggans
  18 slime creatures
  A shadow wraith (Vaults:2)
  2 skeletal warriors
  A salamander mystic (Snake:4)
  An unseen horror (shapeshifter) (Vaults:1)
  3 spriggan druids
  3 unseen horrors
  7 wizards
  2 flayed ghosts
  3 glowing orange brains
  10 hill giants
  9 naga ritualists
  17 deep trolls
  A small abomination (Vaults:2)
  Pikel (D:4)
  19 ironbrand convokers
  16 orc knights
  19 swamp dragons
  2 necromancers (Vaults:2)
  5 wolf spiders
  4 deep elf magi
  5 phantasmal warriors
  7 mana vipers
  7 cyclopes
  An oklob plant (Lair:5)
  10 orc sorcerers
  A tengu skeleton (Vaults:2)
  25 ugly things
  10 elephants (Lair:6)
  An elephant (shapeshifter) (Vaults:1)
  8 salamanders
  3 centaur zombies
  2 guardian serpents (Snake:3)
  A water nymph (shapeshifter) (Vaults:5)
  Joseph (D:7)
  A guardian serpent (shapeshifter) (Vaults:1)
  36 black mambas
  9 centaur skeletons
  A torpor snail (Lair:4)
  18 naga magi
  15 vault sentinels
  A black mamba (shapeshifter) (Vaults:1)
  A fire giant skeleton (Vaults:2)
  22 spiny frogs
  A gargoyle (D:15)
  2 kobold demonologists (D:14)
  4 rime drakes
  8 komodo dragons
  9 yaktaurs
  12 freezing wraiths
  A queen bee (shapeshifter) (Vaults:2)
  A yaktaur (shapeshifter) (D:13)
  A redback zombie (D:15)
  A tengu conjurer (D:15)
  4 tyrant leeches
  A meliai (shapeshifter) (Vaults:4)
  4 trolls
  A troll (shapeshifter) (Vaults:5)
  A jumping spider (Vaults:4)
  16 hornets
  A sphinx simulacrum (Vaults:2)
  21 blink frogs
  A raiju (shapeshifter) (D:14)
  14 dream sheep (Lair:6)
  5 bog bodies
  13 hippogriffs
  20 two-headed ogres
  6 shadows
  A redback (shapeshifter) (Vaults:2)
  A vampire (D:11)
  2 redbacks
  A tarantella (shapeshifter) (Vaults:4)
  8 wraiths
  2 fire elementals (Snake:2)
  5 hogs
  A human (D:7)
  6 wyverns
  34 yaks
  Grum (D:10)
  5 basilisks
  A yaktaur simulacrum (Vaults:3)
  A steam dragon (D:12)
  3 hungry ghosts
  2 mottled dragons
  38 vampire mosquitoes
  10 wargs
  48 nagas
  22 swamp worms
  13 insubstantial wisps
  A soldier ant (D:7)
  3 hell hounds (Snake:2)
  9 porcupines
  11 water moccasins
  Purgy (Sewer)
  A floating eye (Vaults:2)
  10 swamp drakes
  7 ice beasts
  A sky beast (D:14)
  A black bear (D:12)
  An eye of draining (D:10)
  41 orc warriors
  4 slaves
  4 phantoms
  3 necrophages
  43 ogres
  3 wolves (D:10)
  A boggart (Vaults:3)
  15 centaurs
  9 crocodiles
  4 big kobolds
  26 bullfrogs
  A wyvern zombie (D:13)
  3 elf skeletons (D:7)
  A wyvern skeleton (D:14)
  A water moccasin skeleton (D:3)
  4 scorpions
  18 killer bees
  15 wights
  5 howler monkeys
  3 crimson imps
  2 human simulacra
  3 human zombies
  2 bullfrog zombies
  2 bullfrog skeletons (D:13)
  5 hounds
  27 orc priests
  21 jellies
  41 orc wizards
  Jessica (D:2)
  An iguana (D:11)
  Natasha (thrice) (D:4)
  A human skeleton (D:7)
  Ijyb (D:2)
  3 worker ants
  A worker ant zombie (D:5)
  Robin (D:2)
  7 gnolls
  13 adders
  2 river rats (D:6)
  3 shadow imps
  An adder skeleton (D:4)
  2 worms
  7 dart slugs
  5 leopard geckos
  102 orcs
  6 ball pythons
  6 bats
  7 giant cockroaches
  7 hobgoblins
  4 jackals
  5 quokkas
  7 frilled lizards
  18 goblins
  A jackal skeleton (D:7)
  21 kobolds
  A leopard gecko zombie (D:5)
  An orc skeleton (D:7)
  A quokka skeleton (D:9)
  4 rats
  2 crawling corpses (Vaults:2)
  A fungus (Lair:6)
  3 plants (Lair:6)
1576 creatures vanquished.

Vanquished Creatures (others)
  A vault guard (Vaults:5)
  A shambling mangrove (Swamp:1)
  A naga mage (Snake:4)
  A human (D:15)
  A swamp drake (Swamp:1)
  A jelly (D:15)
  5 bushes (Lair:6)
  7 fungi
  12 plants
30 creatures vanquished.

Grand Total: 1606 creatures vanquished

Notes
Turn   | Place    | Note
-------+----------+-------------------------------------------
     0 | D:1      | varam the Troll Monk began the quest for the Orb.
     0 | D:1      | Reached XP level 1. HP: 22/22 MP: 0/0
   142 | D:1      | Reached XP level 2. HP: 29/29 MP: 1/1
   177 | D:2      | Noticed Robin
   206 | D:2      | Noticed Jessica
   251 | D:3      | Reached skill level 4 in Unarmed Combat
   279 | D:4      | Reached XP level 3. HP: 32/36 MP: 2/2
   488 | D:4      | Noticed Pikel
   488 | D:4      | Noticed a slave
   489 | D:4      | Noticed a slave
   490 | D:4      | Noticed a slave
   592 | D:3      | Reached skill level 5 in Unarmed Combat
   592 | D:3      | Reached XP level 4. HP: 36/44 MP: 3/3
  1043 | D:2      | Reached XP level 5. HP: 49/50 MP: 4/4
  1065 | D:2      | Killed Robin
  1119 | D:2      | Noticed Ijyb
  1123 | D:2      | Killed Ijyb
  1123 | D:2      | Reached skill level 6 in Unarmed Combat
  1196 | D:2      | Found a runed door.
  1248 | D:2      | Killed Jessica
  1601 | D:3      | Killed a slave
  1636 | D:3      | Killed a slave
  1878 | D:5      | Entered Level 5 of the Dungeon
  1885 | D:5      | Noticed an ogre
  1896 | D:5      | HP: 1/50 [ogre/giant club (25)]
  1898 | D:4      | Killed an ogre
  1898 | D:4      | Reached skill level 7 in Unarmed Combat
  1898 | D:4      | Reached XP level 6. HP: 2/59 MP: 5/5
  2258 | D:5      | Reached skill level 8 in Unarmed Combat
  2448 | D:5      | Reached XP level 7. HP: 66/66 MP: 6/6
  2683 | D:5      | Found a blossoming altar of Fedhas.
  2783 | D:6      | Reached skill level 9 in Unarmed Combat
  2916 | D:6      | Reached XP level 8. HP: 46/72 MP: 7/7
  2945 | D:6      | Reached skill level 10 in Unarmed Combat
  2977 | D:6      | Found a glowing drain.
  3011 | Sewer    | Entered a sewer
  3044 | Sewer    | Noticed Purgy
  3057 | Sewer    | Killed Purgy
  3192 | D:6      | Found a shadowy altar of Dithmenos.
  3742 | D:5      | Reached skill level 11 in Unarmed Combat
  4187 | D:4      | Noticed Natasha
  4193 | D:4      | Killed Natasha
  4193 | D:4      | Reached skill level 1 in Shields
  4231 | D:4      | Noticed Natasha
  4233 | D:4      | Killed Natasha
  4257 | D:4      | Killed Pikel
  4257 | D:4      | Reached XP level 9. HP: 58/78 MP: 8/8
  4268 | D:4      | Got a sapphire whip
  4270 | D:4      | Identified the +4 whip of Kischud {slash, rPois Int+4 Dex-2} (You found it on level 4 of the Dungeon)
  4342 | D:4      | Noticed Natasha
  4345 | D:4      | Killed Natasha
  4685 | D:6      | Reached skill level 5 in Shields
  5174 | D:7      | Noticed Joseph
  5231 | D:7      | Killed Joseph
  5494 | D:7      | Found a staircase to the Ecumenical Temple.
  5591 | D:7      | Reached XP level 10. HP: 86/86 MP: 9/9
  5968 | Temple   | Entered the Ecumenical Temple
  6015 | Temple   | Became a worshipper of Warmaster Okawaru
  6015 | Temple   | Reached * piety under Okawaru
  6015 | Temple   | Reached ** piety under Okawaru
  6220 | D:8      | Got a silken robe
  6231 | D:8      | Identified the +1 robe of Fado {+Blink rN+ Str+6 Int-4} (You found it on level 8 of the Dungeon)
  6460 | D:8      | Noticed Gastronok
  6495 | D:8      | Killed Gastronok
  6495 | D:8      | Reached *** piety under Okawaru
  6925 | D:8      | Reached **** piety under Okawaru
  7006 | D:8      | Reached XP level 11. HP: 88/96 MP: 10/10
  7834 | D:9      | Found a shattered altar of Ashenzari.
  8063 | D:9      | Reached skill level 5 in Dodging
  8317 | D:10     | Entered Level 10 of the Dungeon
  8320 | D:10     | Noticed a hill giant
  8325 | D:10     | Killed a hill giant
  8583 | D:10     | Noticed Grum
  8596 | D:10     | Killed Grum
  8742 | D:10     | Reached skill level 5 in Fighting
  8761 | D:10     | Noticed Josephine
  8816 | D:10     | Killed Josephine
  8816 | D:10     | Reached ***** piety under Okawaru
  8926 | D:10     | Reached skill level 12 in Unarmed Combat
  9479 | D:11     | Noticed a death yak
  9481 | D:11     | Found a staircase to the Lair.
  9502 | D:11     | Killed a death yak
  9502 | D:11     | Received a gift from Okawaru
  9794 | D:11     | Reached skill level 1 in Armour
 10023 | D:11     | Reached XP level 12. HP: 110/113 MP: 7/11
 10440 | D:11     | Gained mutation: Armour fits poorly on your strangely shaped body. [mutagenic meat]
 10447 | D:12     | Found a staircase to the Orcish Mines.
 10449 | D:12     | Found Demuing's Armour Boutique.
 10505 | Lair:1   | Entered Level 1 of the Lair of Beasts
 10527 | D:12     | Noticed a death knight
 10535 | D:11     | Killed a death knight
 10819 | D:12     | Reached skill level 13 in Unarmed Combat
 11031 | D:12     | Reached skill level 5 in Throwing
 11094 | D:12     | Noticed Urug
 11108 | D:12     | Killed Urug
 11243 | D:12     | Noticed a centaur warrior
 11381 | D:12     | Killed a centaur warrior
 11418 | D:12     | Noticed an ettin
 11425 | D:12     | Killed an ettin
 11445 | D:12     | Reached skill level 5 in Armour
 11682 | D:14     | Received a gift from Okawaru
 11887 | D:14     | Reached skill level 1 in Invocations
 11906 | D:14     | Gained mutation: You possess an exceptional clarity of mind. [mutagenic meat]
 11907 | D:14     | Gained mutation: You evolve. [mutagenic meat]
 12286 | D:15     | Entered Level 15 of the Dungeon
 12577 | D:14     | Reached XP level 13. HP: 118/120 MP: 13/13
 12625 | D:14     | Reached skill level 14 in Unarmed Combat
 12801 | D:13     | Received a gift from Okawaru
 12808 | D:13     | Reached ****** piety under Okawaru
 12820 | D:13     | Found a gate to the Vaults.
 12842 | D:13     | Got a bone rapier {god gift}
 12843 | D:13     | Identified the +6 rapier of Tabinul {antimagic, +Blink} (Okawaru gifted it to you on level 13 of the Dungeon)
 13931 | D:15     | Received a gift from Okawaru
 14789 | Lair:1   | Learned a level 3 spell: Lesser Beckoning
 15993 | Lair:3   | Reached skill level 5 in Invocations
 16046 | Lair:3   | Found a staircase to the Snake Pit.
 16210 | Lair:3   | Found a staircase to the Swamp.
 16332 | Lair:3   | Received a gift from Okawaru
 16334 | Lair:3   | Reached XP level 14. HP: 131/131 MP: 16/16
 16522 | Lair:4   | Noticed Nessos
 16534 | Lair:4   | Killed Nessos
 16534 | Lair:4   | Received a gift from Okawaru
 16534 | Lair:4   | Reached skill level 1 in Translocations
 16869 | Lair:4   | Gained mutation: You are surrounded by a mild repulsion field. (EV +2) [potion of mutation]
 16869 | Lair:4   | Gained mutation: You are frail. (-10% HP) [potion of mutation]
 17304 | Lair:4   | You fall through a shaft!
 17314 | Lair:5   | Reached skill level 15 in Unarmed Combat
 17387 | Lair:5   | Received a gift from Okawaru
 17403 | Lair:5   | Received a gift from Okawaru
 17422 | Lair:5   | Got a crystal shortbow {god gift}
 17428 | Lair:5   | Identified the +1 shortbow of Okawaru's Displeasure {velocity, rElec Str+2 SInv} (Okawaru gifted it to you on level 5 of the Lair of Beasts)
 17510 | Lair:5   | Learned a level 3 spell: Teleport Other
 17524 | Lair:5   | Learned a level 3 spell: Portal Projectile
 17968 | Lair:5   | Reached skill level 5 in Translocations
 18050 | Lair:5   | Found a staircase to the Slime Pits.
 18285 | Lair:5   | You fall through a shaft!
 18285 | Lair:6   | Entered Level 6 of the Lair of Beasts
 19646 | Lair:6   | Received a gift from Okawaru
 19983 | Lair:6   | Received a gift from Okawaru
 19983 | Lair:6   | Reached XP level 15. HP: 81/124 MP: 17/17
 20511 | Lair:6   | Gained mutation: You have very sharp teeth. [evolution]
 20701 | Lair:6   | Reached skill level 10 in Shields
 21166 | Orc:1    | Entered Level 1 of the Orcish Mines
 21174 | Orc:2    | Entered Level 2 of the Orcish Mines
 21200 | Orc:2    | Noticed Saint Roka
 21249 | Orc:1    | Noticed Nergalle
 21281 | Orc:1    | Killed Nergalle
 21644 | Orc:1    | Noticed Erolcha
 21766 | Orc:1    | Killed Erolcha
 21768 | Orc:1    | Found Gotwecw's Jewellery Shoppe.
 22245 | Orc:2    | Received a gift from Okawaru
 22249 | Orc:2    | Reached skill level 16 in Unarmed Combat
 22311 | Orc:2    | Paralysed by an orc sorcerer for 2 turns
 22349 | Orc:2    | Found Paolaafid's General Store.
 22546 | Orc:2    | Found a staircase to the Elven Halls.
 22568 | Orc:2    | Found Ewnietokk's Gadget Shop.
 22712 | Orc:2    | Found Miuhu's General Store.
 22735 | Orc:2    | Killed Saint Roka
 22735 | Orc:2    | Received a gift from Okawaru
 22764 | Orc:2    | Found a roughly hewn altar of Beogh.
 22781 | Orc:2    | Found Nanuz's Antique Armour Shoppe.
 22791 | Orc:2    | Found Apnyeck's Jewellery Shoppe.
 22795 | Orc:2    | Found Idycasm's General Store.
 22812 | Orc:2    | Found Kyithoh's Antique Weapon Shoppe.
 22867 | Orc:2    | Bought the amulet of Gumpitsi {*Contam rElec Regen+ Dex+2} for 724 gold pieces
 22897 | Orc:2    | Bought a scroll of identify for 26 gold pieces
 22938 | Orc:2    | Bought a scroll of identify for 36 gold pieces
 23953 | D:11     | Lost mutation: You are frail. (-10% HP) [potion of cure mutation]
 23953 | D:11     | Lost mutation: You are surrounded by a mild repulsion field. (EV +2) [potion of cure mutation]
 23953 | D:11     | Lost mutation: Armour fits poorly on your strangely shaped body. [potion of cure mutation]
 23953 | D:11     | Lost mutation: You have very sharp teeth. [potion of cure mutation]
 23953 | D:11     | Lost mutation: You possess an exceptional clarity of mind. [potion of cure mutation]
 24290 | D:15     | Reached skill level 1 in Evocations
 24379 | D:15     | Noticed Kirke
 24408 | D:15     | Killed Kirke
 24530 | D:15     | Found a staircase to the Depths.
 24631 | D:15     | Received a gift from Okawaru
 24675 | D:15     | Reached XP level 16. HP: 138/153 MP: 18/18
 25047 | Swamp:1  | Entered Level 1 of the Swamp
 25231 | Swamp:1  | Received a gift from Okawaru
 25668 | Swamp:2  | Noticed a thorn hunter
 25853 | Swamp:2  | Killed a thorn hunter
 26338 | Swamp:2  | Reached skill level 17 in Unarmed Combat
 26392 | Swamp:1  | Received a gift from Okawaru
 27789 | Swamp:3  | Reached skill level 5 in Evocations
 27837 | Swamp:3  | Received a gift from Okawaru
 28358 | Swamp:4  | Entered Level 4 of the Swamp
 28487 | Swamp:3  | Reached skill level 10 in Armour
 28857 | Snake:1  | Entered Level 1 of the Snake Pit
 29133 | Snake:1  | Received a gift from Okawaru
 29133 | Snake:1  | Reached XP level 17. HP: 153/161 MP: 11/19
 29172 | Snake:1  | Noticed Rupert
 29194 | Snake:1  | Killed Rupert
 29537 | Snake:2  | Reached skill level 18 in Unarmed Combat
 29783 | Snake:2  | Noticed Azrael
 29814 | Snake:2  | Killed Azrael
 29938 | Snake:2  | Found Cufush's Armour Shoppe.
 30484 | Snake:4  | Entered Level 4 of the Snake Pit
 30607 | Snake:3  | Found Giobaoh's Weapon Boutique.
 30629 | Snake:3  | Received a gift from Okawaru
 30847 | Orc:2    | Bought a +5 ring of protection for 935 gold pieces
 31061 | Snake:3  | Received a gift from Okawaru
 31327 | Snake:3  | Received a gift from Okawaru
 33139 | Snake:4  | Got a vibrating ivory ring
 33168 | Snake:4  | Received a gift from Okawaru
 33169 | Snake:4  | Got a steaming shield {god gift}
 33183 | Snake:3  | Identified the +3 shield of Springtime {+Fly rC+++ Str-5 Dex+5} (Okawaru gifted it to you on level 4 of the Snake Pit)
 33335 | Snake:4  | Found Yggisuz's Distillery.
 33339 | Snake:4  | Found Nutexkum's Antique Armour Emporium.
 33377 | Snake:4  | Reached skill level 19 in Unarmed Combat
 33378 | Snake:4  | Found Palyfit's Antique Weapon Shoppe.
 33885 | Snake:4  | Reached XP level 18. HP: 170/170 MP: 20/20
 34525 | Snake:4  | Got a serpentine rune of Zot
 34828 | Snake:2  | Reached skill level 20 in Unarmed Combat
 35753 | Swamp:4  | Received a gift from Okawaru
 36158 | Swamp:4  | Got a decaying rune of Zot
 36698 | D:11     | Identified the ring "Kugis" {rPois rC+ MR- Dex+7 SInv} (You took it off a naga on level 4 of the Snake Pit)
 36873 | Depths:1 | Entered Level 1 of the Depths
 36988 | Vaults:1 | Entered Level 1 of the Vaults
 37157 | Vaults:1 | Found Fapso's General Store.
 37167 | Vaults:1 | Bought a scroll of fog for 30 gold pieces
 37882 | Vaults:1 | Received a gift from Okawaru
 38554 | Vaults:2 | Reached XP level 19. HP: 125/176 MP: 21/21
 38751 | Vaults:2 | Reached skill level 1 in Spellcasting
 38940 | Vaults:2 | Paralysed by a floating eye for 4 turns
 38954 | Vaults:2 | Paralysed by a floating eye for 4 turns
 39462 | Vaults:2 | Received a gift from Okawaru
 39734 | Vaults:2 | Reached skill level 21 in Unarmed Combat
 39892 | Vaults:2 | Received a gift from Okawaru
 39926 | Vaults:2 | Received a gift from Okawaru
 40319 | Vaults:2 | Received a gift from Okawaru
 40333 | Vaults:2 | Gained mutation: You are dopey. (Int -2) [a cacodemon]
 40481 | Vaults:2 | Received a gift from Okawaru
 40493 | Vaults:2 | Got a faintly glowing war axe {flame}
 40495 | Vaults:2 | Identified the +6 war axe of the Lamprey {flame, +Fly} (You took it off a fire giant on level 2 of the Vaults)
 40572 | Vaults:2 | Received a gift from Okawaru
 40683 | Vaults:2 | Reached skill level 22 in Unarmed Combat
 40712 | Vaults:2 | Received a gift from Okawaru
 40715 | Vaults:2 | Got a bloodstained eveningstar {god gift}
 40716 | Vaults:2 | Identified the +1 eveningstar of the Unkillable {elec, rF+ Stlth+} (Okawaru gifted it to you on level 2 of the Vaults)
 41642 | Vaults:2 | Gained mutation: You have an increased reservoir of magic. (+10% MP) [evolution]
 41770 | Vaults:2 | Reached XP level 20. HP: 157/185 MP: 25/25
 42627 | Vaults:3 | Received a gift from Okawaru
 42759 | Vaults:3 | Paralysed by a wizard for 5 turns
 42961 | Vaults:3 | Found a staircase to the Crypt.
 43069 | Vaults:3 | Reached skill level 23 in Unarmed Combat
 43414 | Vaults:3 | Found Imeam's Antique Weapon Boutique.
 43429 | Vaults:3 | Received a gift from Okawaru
 44245 | Vaults:4 | Received a gift from Okawaru
 44252 | Vaults:4 | Got a slimy robe {god gift}
 44294 | Vaults:4 | Noticed Mennas
 44380 | Vaults:4 | Killed Mennas
 45511 | Vaults:4 | Identified the +2 robe of Putuewnu {rElec} (Okawaru gifted it to you on level 4 of the Vaults)
 45527 | Vaults:5 | Entered Level 5 of the Vaults
 45539 | Vaults:5 | Reached skill level 24 in Unarmed Combat
 45542 | Vaults:5 | Received a gift from Okawaru
 45543 | Vaults:5 | Reached XP level 21. HP: 135/192 MP: 20/26
 45548 | Vaults:5 | Received a gift from Okawaru
 46084 | Vaults:5 | Noticed a golden dragon
 46109 | Vaults:5 | Killed a golden dragon
 46126 | Vaults:5 | HP: 6/192 [tengu reaver/glaive (7)]
 46126 | Vaults:5 | Slain by a shadow dragon

Vault maps used:
D:1:      scummos_arrival_hexagon
D:2:      first_bread, minmay_domino_4, uniq_iyjb, uniq_robin, uniq_jessica,
          uniq_crazy_yiuf_cottage
D:4:      serial_bayou_pond_a, uniq_natasha, uniq_pikel
D:5:      fedhas_altar_2, minmay_a_box_with_orc_wizards_in_it
D:6:      nicolae_overflow_crystal_walls, portal_sewer_entry_b
D:7:      nicolae_ossuary_entry_catacombs, grunt_livestock, uniq_joseph
D:8:      uniq_gastronok
D:9:      marbit_many_paths, basic_altar, minmay_misc_feat_five
D:10:     uniq_grum, uniq_josephine
D:11:     dpeg_lair_monsters
D:12:     orc_david_3, uniq_urug
D:13:     david_vaults_5
D:14:     kennysheep_another_room
D:15:     grunt_enter_depths_magical_seal, hangedman_abyss_or_decor_lesser_grid,
          uniq_kirke
Temple:   dpeg_five_rooms_temple
Lair:2:   minivault_26, infiniplex_staircase_pool
Lair:3:   swamp_mist_pool, minmay_snake_entry_guardpost_medium
Lair:4:   uniq_nessos
Lair:5:   minmay_slime_entry_jelly_boxes, st_stairs_6, lemuel_fruit_tree
Lair:6:   due_jungle_book
Swamp:1:  cheibrodos_swamp_sealed, hangedman_swamp_pad
Swamp:2:  cheibrodos_swamp_heart_of_darkness, evilmike_swamp_ruin_house_5,
          swamp_pool4, st_swamp_ruins_2
Swamp:3:  hangedman_swamp_diagram
Swamp:4:  swamp, swamp_pool4
Snake:1:  special_room, uniq_rupert
Snake:2:  serial_shops, nicolae_shop_statue_plus, grunt_ministairs_14,
          uniq_azrael
Snake:3:  serial_shops, shop
Snake:4:  snake_pit, grunt_ministairs_13, minmay_shop_star
Orc:1:    serial_shops, nicolae_shop_stone, mumra_transporter_accident,
          lightli_orcish_oven, uniq_nergalle, uniq_erolcha
Orc:2:    grunt_orc_cross, serial_shops,
          nicolae_shop_temple_entry_statues_fountains, nicolae_shop_stone, shop
Vaults:1: ontoclasm_vaults_loading_screen, nicolae_vaults_network_barrier,
          vaults_room_corners, hangedman_vaults_maws, v_misc_25,
          vaults_room_corners, vaults_dpeg_encased_lava,
          hangedman_vaults_corner, vaults_mumra_minichess,
          nicolae_vaults_little_squares_6, serial_shops,
          nicolae_shop_window_shopping
Vaults:2: nicolae_vaults_theta, v_misc_18, v_misc_5, ontoclasm_vaults_twist,
          st_greater_box_3, v_misc_19, dpeg_vaults_monster_box,
          ontoclasm_vaults_decontamination, vaults_room_grid
Vaults:3: minmay_crypt_entry_simple_statues, nicolae_vaults_little_squares_2,
          v_misc_12, nicolae_vaults_network_periphery, v_misc_17, serial_shops,
          shop
Vaults:4: nicolae_vaults_ring_of_whatevers, ontoclasm_vaults_fault,
          nicolae_vaults_inception_statues, dpeg_vaults_monster_row,
          grunt_vaults_hallway_long, vaults_room_semicircle,
          nicolae_vaults_hallways_thing, nicolae_vaults_what_the_h, v_misc_5,
          v_alt_pattern_4, grunt_vaults_focal, ontoclasm_vaults_idyll,
          nicolae_vaults_three_branches, nicolae_vaults_border_crossing,
          uniq_mennas
Depths:1: grunt_pan_entry_zigzag, nicolae_trove_entry_columns, hell_entry,
          grunt_decor_cap, kennysheep_just_a_vault
Sewer:    sewer_co_purgy_island

Skill      XL: |  1  2  3  4  5  6  7  8  9 10 11 12 13 14 15 16 17 18 19 20 21 |
---------------+----------------------------------------------------------------+-----
Unarmed Combat | 4 5 7 8 9 11 12 13 14 15 16 17 19 20 22 24 | 24.4
Shields        | 4 7 9 10 12 13 14 | 14.4
Fighting       | 3 6 7 8 |  8.7
Throwing       | 2 3 5 |  5.5
Dodging        | 4 5 6 7 8 |  8.2
Stealth        | 2 |  2.1
Armour         | 1 5 7 8 10 11 | 11.7
Invocations    | 2 5 |  5.0
Translocations | 5 6 7 |  7.0
Evocations     | 2 5 |  5.2
Spellcasting   | 2 |  2.4

Action                   |  1- 3 |  4- 6 |  7- 9 | 10-12 | 13-15 | 16-18 | 19-21 || total
-------------------------+-------+-------+-------+-------+-------+-------+-------++-------
Melee: Unarmed           |    85 |   178 |   330 |   697 |  1307 |  1872 |  1470 ||  5939
       Punch             |     1 |     2 |     2 |       |       |       |       ||     5
       Rapier            |       |       |       |       |     5 |       |       ||     5
       Bite              |       |       |       |       |    51 |       |       ||    51
       Eveningstar       |       |       |       |       |       |       |    25 ||    25
Throw: Stone             |       |       |     1 |    10 |       |       |       ||    11
       Large rock        |       |       |       |    16 |    61 |    48 |    16 ||   141
       Throwing net      |       |       |       |     1 |     3 |     1 |       ||     5
       Javelin           |       |       |       |       |    17 |    28 |    34 ||    79
       Tomahawk          |       |       |       |       |     2 |    49 |       ||    51
 Cast: Portal Projectile |       |       |       |       |     4 |       |       ||     4
       Teleport Other    |       |       |       |       |       |     2 |       ||     2
Invok: Heroism           |       |       |       |     8 |    19 |    27 |    18 ||    72
       Finesse           |       |       |       |       |     4 |     5 |     5 ||    14
Evoke: Sack of spiders   |       |       |       |       |       |     1 |       ||     1
       Wand              |       |       |       |       |       |       |     2 ||     2
       Phantom mirror    |       |       |       |       |       |       |     1 ||     1
  Use: Scroll            |     1 |     4 |       |     6 |     8 |     9 |    11 ||    39
       Potion            |       |       |       |       |     4 |     2 |    10 ||    16
 Stab: Sleeping          |     1 |     2 |     5 |     5 |     3 |       |       ||    16
       Distracted        |       |       |       |     1 |     1 |       |     2 ||     4
       Confused          |       |       |       |       |       |     2 |       ||     2
  Eat: Chunk             |     1 |    26 |    25 |    73 |   107 |    65 |    68 ||   365
       Bread ration      |       |       |       |     2 |       |    10 |       ||    12
       Meat ration       |       |       |       |       |     1 |       |       ||     1
       Royal jelly       |       |       |       |       |     1 |       |       ||     1
       Pizza             |       |       |       |       |     1 |       |       ||     1
       Fruit             |       |       |       |       |       |    14 |       ||    14
       Beef jerky        |       |       |       |       |       |     3 |       ||     3
Armor: Robe              |    34 |    54 |    70 |    57 |       |       |       ||   215
       Quicksilver drago |       |       |       |    56 |   306 |   414 |   190 ||   966
       Swamp dragon scal |       |       |       |       |       |   224 |       ||   224
       Fire dragon scale |       |       |       |       |       |       |   185 ||   185
       Skin              |       |       |       |       |       |       |     4 ||     4
Dodge: Dodged            |    48 |    65 |    99 |   201 |   580 |   789 |   426 ||  2208
Block: Shield            |       |       |    70 |   333 |   659 |  1031 |   799 ||  2892
       Large shield      |       |       |       |       |       |   155 |       ||   155
